[Event "Team 45 45 League T73"]
[Site "Internet Chess Club"]
[Date "2017.07.07"]
[Round "4"]
[White "Insan996"]
[Black "QuieroAprender"]
[Result "0-1"]
[WhiteElo "1613"]
[BlackElo "1635"]
[Opening "King's Indian: fianchetto variation"]
[ECO "E62"]
[Time "20:25:13"]
[TimeControl "2700+45"]

1. d4 Nf6 2. Nf3 g6 3. c4 Bg7 4. Nc3 d6 5. g3 O-O 6. Bg2 c6 7. O-O Nbd7 8. b3 e5
9. dxe5 Nxe5 10. Nxe5 dxe5 11. Ba3 Qxd1 12. Raxd1 Re8 13. Ne4 Nxe4 14. Bxe4 f5
15. Bg2 Be6 16. Bh3 Rad8 17. e4 Rd4 18. exf5 gxf5 19. Bc5 Rxd1 20. Rxd1 b6 21.
Be3 Bf6 22. Rd6 c5 23. Bxf5 Bxf5 24. Rxf6 Bb1 25. a3 Ba2 26. b4 cxb4 27. axb4
Bxc4 28. Rc6 Bd5 29. Rc7 Ra8 30. Rd7 Bf3 31. Kf1 a5 32. Bxb6 axb4 33. Ba7 b3 34.
Rd3 b2 35. Rb3 Rxa7 36. Rxb2 Ra1+ {White resigns} 0-1

[Event "Team 45 45 League T73"]
[Site "Internet Chess Club"]
[Date "2017.07.08"]
[Round "4"]
[White "pcvan"]
[Black "Gilguli"]
[Result "1-0"]
[WhiteElo "1415"]
[BlackElo "1395"]
[Opening "Giuoco Piano"]
[ECO "C54"]
[Time "17:03:46"]
[TimeControl "2700+45"]

1. e4 e5 2. Nf3 Nc6 3. Bc4 Bc5 4. c3 Nf6 5. d3 h6 6. O-O O-O 7. Bb3 a5 8. a4 d6
9. Re1 Be6 10. Be3 Bxe3 11. Rxe3 Kh8 12. Bxe6 fxe6 13. Qb3 Qd7 14. Nbd2 Ng4 15.
Ree1 g5 16. Qd1 Nxf2 17. Kxf2 g4 18. Rg1 Rf6 19. Ke3 gxf3 20. Nxf3 d5 21. Nd2
Raf8 22. Qh5 d4+ 23. Ke2 Qg7 24. Nf3 Rg6 25. g3 Rg5 26. Nxg5 Qxg5 27. Qxg5 hxg5
28. Raf1 Rxf1 29. Rxf1 Kg7 30. Kf3 Ne7 31. Kg4 Kg6 32. Rf8 c5 33. c4 Nc6 34.
Rg8+ Kf6 35. Rxg5 Nb4 36. Rg8 Nxd3 37. h4 Nxb2 38. h5 Nxc4 39. h6 Ne3+ 40. Kf3
c4 {Black resigns} 1-0

[Event "Team 45 45 League T73"]
[Site "Internet Chess Club"]
[Date "2017.07.07"]
[Round "4"]
[White "tamky70"]
[Black "drsigmund1"]
[Result "0-1"]
[WhiteElo "1305"]
[BlackElo "1414"]
[Opening "French: Winawer, classical variation"]
[ECO "C18"]
[Time "19:31:13"]
[TimeControl "2700+45"]

1. e4 e6 2. d4 d5 3. Nc3 Bb4 4. e5 c5 5. a3 Bxc3+ 6. bxc3 Qc7 7. Nf3 Nc6 8. Bb5
Bd7 9. Bxc6 Bxc6 10. O-O Ne7 11. Re1 b6 12. Qd2 h6 13. Qf4 Ng6 14. Qd2 Bb5 15.
a4 Bc4 16. Ba3 O-O 17. h4 Ne7 18. g4 f5 19. g5 h5 20. Qd1 g6 21. Nd2 Ba6 22. f4
Rfc8 23. Nf3 Nc6 24. dxc5 Na5 25. Nd4 Kf7 26. Nb5 Bxb5 27. axb5 bxc5 28. Qe2 Nc4
29. Bc1 Rcb8 30. Be3 Rxb5 31. Qf2 a5 32. Reb1 Rab8 33. Rb3 Nxe3 34. Qxe3 Rxb3
35. cxb3 Rxb3 36. Ra4 Qb6 37. Ra1 Rb1+ 38. Rxb1 Qxb1+ 39. Kf2 Qb5 40. Qc1 a4 41.
Qa3 Qc4 42. Ke3 Ke7 43. Qb2 Qb3 44. Qd2 a3 45. Qd3 a2 46. Qa6 Qxc3+ 47. Kf2 Qb2+
48. Kf3 Qb3+ 49. Ke2 Qc4+ 50. Kf2 Qxa6 {White resigns} 0-1

[Event "Team 45 45 League T73"]
[Site "Internet Chess Club"]
[Date "2017.07.11"]
[Round "4"]
[White "Andaluz"]
[Black "rhayder"]
[Result "1-0"]
[WhiteElo "1317"]
[BlackElo "1132"]
[Opening "Ruy Lopez: closed defense"]
[ECO "C84"]
[Time "14:03:03"]
[TimeControl "2700+45"]

1. e4 e5 2. Nf3 Nc6 3. Bb5 a6 4. Ba4 Nf6 5. O-O Be7 6. Nc3 b5 7. Bb3 Bf8 8. Re1
b4 9. Nd5 d6 10. c3 bxc3 11. dxc3 Be7 12. Qd3 O-O 13. Be3 Ng4 14. Bd2 Be6 15. h3
Nf6 16. Be3 a5 17. Bc4 a4 18. Nxf6+ Bxf6 19. Bd5 {Black forfeits on time} 1-0

[Event "Team 45 45 League T73"]
[Site "Internet Chess Club"]
[Date "2017.07.09"]
[Round "4"]
[White "cayo89"]
[Black "WillC"]
[Result "1-0"]
[WhiteElo "1679"]
[BlackElo "1657"]
[Opening "Caro-Kann: exchange variation"]
[ECO "B13"]
[Time "12:06:54"]
[TimeControl "2700+45"]

1. e4 c6 2. d4 d5 3. exd5 Qxd5 4. Nc3 Qa5 5. Nf3 Nf6 6. Bd3 Bg4 7. Bd2 Qb6 8.
Na4 Qc7 9. h3 Bh5 10. g4 Bg6 11. Qe2 e6 12. Ne5 Bd6 13. f4 Bxd3 14. Qxd3 Nbd7
15. c4 c5 16. Nxd7 Nxd7 17. O-O cxd4 18. Qxd4 O-O 19. Bc3 Bc5 20. Nxc5 Qxc5 21.
Qxc5 Nxc5 22. Rad1 Rfd8 23. b4 Ne4 24. Bd4 Rd7 25. Rfe1 f5 26. Be3 Rc7 27. c5
Kf7 28. Rd3 Ke7 29. Red1 Rac8 30. Bd4 Ke8 31. Be5 Rf7 32. g5 g6 33. Kg2 a6 34.
h4 Re7 35. h5 gxh5 36. Rh1 Rd8 37. Rxd8+ Kxd8 38. Rxh5 Kd7 39. Rh6 Rf7 40. a4
Re7 41. Kf3 Rf7 42. Ke3 Re7 43. Rh1 Kc6 44. Rd1 Rd7 45. Rxd7 Kxd7 46. Kd4 Kc6
47. Kc4 Nd2+ 48. Kd3 Nf3 49. Bc3 Kd5 50. Ke3 Kc4 51. Kxf3 Kxc3 52. b5 Kc4 53.
bxa6 {Black resigns} 1-0

[Event "Team 45 45 League T73"]
[Site "Internet Chess Club"]
[Date "2017.07.08"]
[Round "4"]
[White "scottrugby"]
[Black "scostanzo212"]
[Result "0-1"]
[WhiteElo "1417"]
[BlackElo "1560"]
[Opening "Sicilian: Grand Prix attack"]
[ECO "B23"]
[Time "14:04:10"]
[TimeControl "2700+45"]

1. e4 c5 2. Nc3 Nc6 3. f4 g6 4. Nf3 Bg7 5. Bb5 Nd4 6. O-O Nxb5 7. Nxb5 a6 8. Nc3
b5 9. a3 Bb7 10. d3 Nf6 11. Be3 d6 12. Qd2 Ng4 13. h3 Nxe3 14. Qxe3 Qb6 15. Rab1
e6 16. b4 Qc7 17. Ne2 O-O 18. c3 c4 19. d4 Qc6 20. Ng3 a5 21. Rfd1 Qb6 22. Ra1
axb4 23. axb4 Rxa1 24. Rxa1 Ra8 25. Rxa8+ Bxa8 26. e5 dxe5 27. fxe5 Qc6 28. Qc1
Qa6 29. Qg5 Qa1+ 30. Kh2 Bxf3 31. gxf3 Qxc3 32. Qd8+ Bf8 33. Ne4 Qxb4 34. Nf6+
Kg7 35. Ne8+ Kh8 36. Nd6 Kg8 37. Qe8 Qd2+ 38. Kg3 Qg5+ 39. Kf2 Qe7 40. Qxe7 Bxe7
41. Nxb5 g5 42. Ke2 Bb4 43. Kd1 Kg7 44. Nd6 Bxd6 45. exd6 Kf8 46. Kc2 Ke8 47.
Kc3 Kd7 48. Kxc4 Kxd6 49. Kd3 Kd5 50. Kc3 e5 51. dxe5 Kxe5 52. Kd3 Kf4 53. Ke2
Kg3 {White resigns} 0-1

[Event "Team 45 45 League T73"]
[Site "Internet Chess Club"]
[Date "2017.07.08"]
[Round "4"]
[White "viktory"]
[Black "ascoli"]
[Result "0-1"]
[WhiteElo "1662"]
[BlackElo "1592"]
[Opening "King's Indian: 4.e4"]
[ECO "E70"]
[Time "13:00:59"]
[TimeControl "2700+45"]

1. d4 Nf6 2. c4 g6 3. Nc3 Bg7 4. e4 d6 5. Bd3 O-O 6. Nge2 e5 7. d5 Nbd7 8. O-O
Nc5 9. Bc2 a5 10. b3 Ne8 11. Be3 f5 12. exf5 gxf5 13. f4 e4 14. Nd4 Qh4 15. Qe1
Qxe1 16. Rfxe1 Rf6 17. a3 Rg6 18. b4 Nd7 19. Nxf5 Bxc3 20. Ne7+ Kf7 21. Nxg6
hxg6 22. b5 Bxa1 23. Rxa1 Nef6 24. h3 Nb6 25. Bb3 Nfd7 26. Rc1 Nc5 27. Ba2 Nd3
28. Rc2 Na4 29. Kh2 Nab2 30. g3 Nd1 31. Bd4 Ne1 32. Rc1 Nf3+ 33. Kg2 Nxd4 34.
Rxd1 Nc2 35. Rc1 Ne3+ 36. Kf2 Nf5 37. g4 Nd4 38. Ke3 Nf3 39. Kxe4 Nh4 40. Ke3
Bd7 41. Kf2 Re8 42. Kg3 Re2 43. Bb1 Ng2 44. Kf3 Rb2 45. Rg1 Kf6 46. Be4 Nh4+ 47.
Kg3 g5 48. Rf1 Rb3+ 49. Kh2 gxf4 50. Rxf4+ Ke5 51. Rf7 Kxe4 52. Rxd7 Nf3+ 53.
Kg2 Ne1+ 54. Kh2 Ke3 55. Kg3 Kd4+ 56. Kh4 Ng2+ 57. Kg5 Kxc4 58. Rxc7+ Kxd5 59.
h4 Rxb5 60. a4 Rc5 61. Rxc5+ dxc5 62. h5 c4 63. h6 c3 64. h7 c2 65. h8=Q c1=Q+
66. Kg6 Qc2+ 67. Kf7 Qc7+ 68. Kg6 Nf4+ 69. Kf5 Qf7+ 70. Kg5 Ne6+ 71. Kh4 Qf2+
72. Kh5 Qh2+ 73. Kg6 Qxh8 74. Kf5 Qe5+ 75. Kg6 Nf4+ 76. Kf7 Qe6+ 77. Kg7 Ke5 78.
g5 Kf5 79. Kh8 Ng6+ 80. Kg7 Qe7+ 81. Kh6 Qf8+ 82. Kh5 Qh8# {White checkmated}
0-1

[Event "Team 45 45 League T73"]
[Site "Internet Chess Club"]
[Date "2017.07.11"]
[Round "4"]
[White "Portola"]
[Black "Bizzy-Ketty"]
[Result "1-0"]
[WhiteElo "1731"]
[BlackElo "1578"]
[Opening "Queen's pawn game"]
[ECO "A46"]
[Time "13:30:16"]
[TimeControl "2700+45"]

1. d4 Nf6 2. Nf3 e6 3. c3 c5 4. e3 Nc6 5. Bd3 d5 6. Nbd2 c4 7. Bc2 Bd6 8. O-O
O-O 9. Qe2 b5 10. e4 dxe4 11. Nxe4 Nd5 12. Nxd6 Qxd6 13. Qe4 Nf6 14. Qh4 h6 15.
Bxh6 Re8 16. Bxg7 Kxg7 17. Qg5+ Kf8 18. Qxf6 Qd8 19. Qh6+ Ke7 20. Qg5+ Kf8 21.
Qc5+ Ne7 22. Qh5 Nd5 23. Ne5 Qf6 24. g3 Rd8 25. Rae1 Bb7 26. Re3 Nb6 27. Be4
Bxe4 28. Rxe4 Nd5 29. Re3 Qg7 30. Rf3 f6 31. Re1 Rd6 32. Re4 f5 33. Rg4 Nf6 34.
Rxg7 Nxh5 35. Rg6 Rad8 36. g4 Ng7 37. Rf6+ Ke8 38. Rh3 R6d7 39. Nxd7 Rxd7 40.
gxf5 exf5 41. Re3+ Kd8 42. Re5 Rb7 43. Rf8+ Kc7 44. Rf7+ Kb8 45. Rxb7+ Kxb7 46.
Re7+ {Black resigns} 1-0

[Event "Team 45 45 League T73"]
[Site "Internet Chess Club"]
[Date "2017.07.06"]
[Round "4"]
[White "isaacdp"]
[Black "rubo"]
[Result "1/2-1/2"]
[WhiteElo "1434"]
[BlackElo "1547"]
[Opening "Queen's pawn game"]
[ECO "A46"]
[Time "15:00:32"]
[TimeControl "2700+45"]

1. d4 Nf6 2. Nf3 c5 3. c3 cxd4 4. cxd4 g6 5. Nc3 Bg7 6. e4 d6 7. Be2 O-O 8. O-O
b6 9. e5 dxe5 10. Nxe5 Bb7 11. Re1 e6 12. Bg5 Nbd7 13. Bf3 Qb8 14. Rc1 Nxe5 15.
dxe5 Bxf3 16. Qxf3 Nd7 17. Rcd1 Nxe5 18. Qe2 Nc6 19. Qe4 Qb7 20. Rd6 Na5 21. Qd3
Rac8 22. Rd7 Rc7 23. Rd8 Rc8 24. Rd7 Rc7 25. Rd8 Rc8 26. Rd7 {Game drawn by
repetition} 1/2-1/2

[Event "Team 45 45 League T73"]
[Site "Internet Chess Club"]
[Date "2017.07.09"]
[Round "4"]
[White "nosir"]
[Black "MasterD"]
[Result "1/2-1/2"]
[WhiteElo "1457"]
[BlackElo "1525"]
[Opening "Queen's pawn game"]
[ECO "A46"]
[Time "21:06:29"]
[TimeControl "2700+45"]

1. d4 Nf6 2. Nf3 e6 3. Bf4 b6 4. e3 Bb7 5. Bd3 d5 6. Nbd2 Be7 7. h3 O-O 8. O-O
c5 9. c3 c4 10. Bc2 Nc6 11. e4 h6 12. e5 Nd7 13. Qe2 b5 14. Nh2 Bg5 15. Bxg5
Qxg5 16. f4 Qe7 17. Qh5 f6 18. Rf3 fxe5 19. fxe5 Rxf3 20. Ndxf3 Qe8 21. Bg6 Qe7
22. Rf1 a5 23. g4 Nf8 24. Nh4 Nxg6 25. Qxg6 Rf8 26. Rxf8+ Kxf8 27. N2f3 Qf7 28.
Kf2 b4 29. Ke3 a4 30. Qc2 b3 {Game drawn by mutual agreement} 1/2-1/2

[Event "Team 45 45 League T73"]
[Site "Internet Chess Club"]
[Date "2017.07.09"]
[Round "4"]
[White "cityprosecutor"]
[Black "calsal"]
[Result "1/2-1/2"]
[WhiteElo "1682"]
[BlackElo "1723"]
[Opening "Scandinavian defense"]
[ECO "B01"]
[Time "18:45:13"]
[TimeControl "2700+45"]

1. e4 d5 2. exd5 Nf6 3. d4 Bg4 4. f3 Bf5 5. Bb5+ Nbd7 6. c4 a6 7. Ba4 b5 8. cxb5
Nxd5 9. Nc3 axb5 10. Bb3 Nxc3 11. bxc3 e6 12. Ne2 Nb6 13. O-O Bd6 14. Bf4 Bxf4
15. Nxf4 Qd7 16. Nh5 O-O 17. Ng3 Bg6 18. Ne4 Rfd8 19. Nc5 Qc6 20. Qe2 Nd5 21.
Rfc1 Nb6 22. Nd3 Nc4 23. Nf4 Nd6 24. Nxg6 hxg6 25. Rc2 Qb6 26. Qf2 {Game drawn
by mutual agreement} 1/2-1/2

[Event "Team 45 45 League T73"]
[Site "Internet Chess Club"]
[Date "2017.07.07"]
[Round "4"]
[White "Yedixon"]
[Black "elessar"]
[Result "1-0"]
[WhiteElo "1737"]
[BlackElo "1614"]
[Opening "Scandinavian: Pytel-Wade variation"]
[ECO "B01"]
[Time "14:05:05"]
[TimeControl "2700+45"]

1. e4 d5 2. exd5 Qxd5 3. Nc3 Qd6 4. Nf3 Nf6 5. d4 c6 6. Bg5 Bf5 7. Bc4 Nd5 8.
O-O Nd7 9. Re1 Be6 10. Ne4 Qc7 11. Qd2 N7f6 12. Nc5 Bf5 13. h3 e6 14. Nh4 O-O-O
15. Nxf5 exf5 16. Nd3 Ne4 17. Bxd8 Qxd8 18. Qe2 Bd6 19. Bxd5 cxd5 20. Rac1 h5
21. Qf3 Qg5 22. c4 Kb8 23. cxd5 g6 24. Nc5 Bxc5 25. dxc5 Qd2 26. d6 Rd8 27. Qe2
Qg5 28. Rc2 Qf4 29. f3 Ng3 30. Qe7 Qd4+ 31. Kh2 Rh8 32. Qe8+ Rxe8 33. Rxe8#
{Black checkmated} 1-0

[Event "Team 45 45 League T73"]
[Site "Internet Chess Club"]
[Date "2017.07.08"]
[Round "4"]
[White "Hal2001"]
[Black "KidRattler"]
[Result "1/2-1/2"]
[WhiteElo "1630"]
[BlackElo "1652"]
[Opening "Sicilian: closed"]
[ECO "B23"]
[Time "08:05:17"]
[TimeControl "2700+45"]

1. e4 c5 2. Nc3 e6 3. f4 Nc6 4. Nf3 b6 5. Bb5 Bb7 6. O-O Qc7 7. d3 O-O-O 8. Bxc6
dxc6 9. Ne5 Bd6 10. Nc4 b5 11. Nxd6+ Rxd6 12. Qg4 g6 13. Be3 c4 14. Bc5 cxd3 15.
e5 Rd7 16. Ne4 dxc2 17. Nd6+ Kb8 18. Rac1 h5 19. Qf3 Nh6 20. Qa3 a6 21. Rxc2 Ka8
22. Rfc1 Nf5 23. Ne4 Rhd8 24. Nd6 Nxd6 25. exd6 Rxd6 26. Bxd6 Qxd6 27. Qxd6 Rxd6
28. Kf2 Ka7 29. Ke3 Kb6 30. b4 a5 31. a3 a4 32. g3 Rd5 33. Rd2 Bc8 34. Rxd5 exd5
35. Kd4 Kc7 36. Re1 Be6 37. Ke5 Kd7 38. Rc1 Bf5 39. Rc5 Be6 {Game drawn by
mutual agreement} 1/2-1/2

[Event "Team 45 45 League T73"]
[Site "Internet Chess Club"]
[Date "2017.07.06"]
[Round "4"]
[White "mongmong"]
[Black "Constrictor"]
[Result "1-0"]
[WhiteElo "1525"]
[BlackElo "1523"]
[Opening "Dutch"]
[ECO "A80"]
[Time "17:01:26"]
[TimeControl "2700+45"]

1. d4 f5 2. Nf3 Nf6 3. g3 g6 4. Bg2 Bg7 5. O-O O-O 6. b3 d6 7. Bb2 Nc6 8. Nbd2
Bd7 9. c4 Qc8 10. a3 Nh5 11. e4 fxe4 12. Nxe4 Bh3 13. Qd3 Bxg2 14. Kxg2 Qg4 15.
Bc1 Nf4+ 16. Bxf4 Rxf4 17. h3 Rxf3 18. Qxf3 Qd7 19. Rab1 Nxd4 20. Qg4 Qc6 21. f3
Rf8 22. Ng5 Rf5 23. h4 Bf6 24. Qe4 Bxg5 25. Qxc6 Nxc6 26. hxg5 Rxg5 27. f4 Ra5
28. a4 Rf5 29. g4 Rf6 30. Kg3 Kg7 31. Rf3 e5 32. fxe5 Rxf3+ 33. Kxf3 Nxe5+ 34.
Kg3 Nd3 35. Rd1 Nc5 36. Rb1 Nd3 37. b4 b6 38. Rb3 Ne5 39. Rc3 Nc6 40. c5 Nxb4
41. cxd6 cxd6 42. Rc7+ Kg8 43. Rxa7 h5 44. gxh5 gxh5 45. Rd7 d5 46. Rd6 Kf7 47.
Rxb6 Nd3 48. a5 Nc5 49. Rb5 Na6 50. Rxd5 Ke7 51. Kh4 Ke6 52. Rxh5 Kd7 53. Rb5
Kc7 54. Kg5 Nb8 55. Kf5 Nc6 56. Ke4 Na7 57. Rb3 Kc6 58. Kd4 Nb5+ 59. Kc4 Nd6+
60. Kc3 Nb5+ 61. Kb2 Nc7 62. Ka3 Kc5 63. Ka4 Na6 64. Rb5+ Kc4 65. Rb6 Nc5+ 66.
Ka3 Nd7 67. Rb7 Nc5 68. Rb4+ Kd5 69. Rb5 Kc6 70. Kb4 Na6+ 71. Kc4 Nc7 72. Rb6+
Kd7 73. a6 Na8 74. Kc5 Kc7 75. Rb7+ Kc8 76. Kc6 {Black resigns} 1-0

[Event "Team 45 45 League T73"]
[Site "Internet Chess Club"]
[Date "2017.07.09"]
[Round "4"]
[White "Packerfan"]
[Black "LookImYourVader"]
[Result "1/2-1/2"]
[WhiteElo "1743"]
[BlackElo "1734"]
[Opening "Scandinavian: Marshall variation"]
[ECO "B01"]
[Time "14:31:03"]
[TimeControl "2700+45"]

1. e4 d5 2. exd5 Nf6 3. d4 Nxd5 4. Nf3 g6 5. Be2 Bg7 6. O-O O-O 7. c3 c6 8. Na3
Bg4 9. h3 Bxf3 10. Bxf3 Qc7 11. Re1 e6 12. Nc4 Nd7 13. Bg5 b5 14. Ne3 N7b6 15.
a3 Nxe3 16. Rxe3 Nd5 17. Re4 Rfe8 18. Qd2 Rac8 19. Rae1 c5 20. dxc5 Qxc5 21. Rh4
{Game drawn by mutual agreement} 1/2-1/2

[Event "Team 45 45 League T73"]
[Site "Internet Chess Club"]
[Date "2017.07.08"]
[Round "4"]
[White "Duguesclin"]
[Black "harlyman"]
[Result "0-1"]
[WhiteElo "1551"]
[BlackElo "1586"]
[Opening "QGD: Been-Koomen variation"]
[ECO "D50"]
[Time "15:01:12"]
[TimeControl "2700+45"]

1. d4 d5 2. c4 e6 3. Nc3 Nf6 4. Bg5 c5 5. e3 Nc6 6. Nf3 dxc4 7. Bxc4 cxd4 8.
exd4 Be7 9. O-O O-O 10. Rc1 Nd5 11. Bxe7 Ndxe7 12. Re1 Qb6 13. Na4 Qc7 14. d5
exd5 15. Bxd5 Nxd5 16. Qxd5 Be6 17. Qe4 Bxa2 18. b4 Qd6 19. Nc5 Bd5 20. Qg4 f5
21. Qg3 Qxg3 22. hxg3 Nxb4 23. Rb1 a5 24. Nd4 g6 25. Nd7 Rf7 26. Nb6 Rd8 27.
Rbd1 Rf6 28. Na4 Bc6 29. Nxc6 Rxd1 30. Ne7+ Kf7 31. Rxd1 Kxe7 32. Nc5 b6 33. Na4
Rd6 34. Re1+ Kd7 35. Nc3 Rd2 36. f4 Nd3 37. Rb1 Kc6 38. Na4 b5 39. Nc3 b4 40.
Nd1 Re2 41. Kf1 Re1# {White checkmated} 0-1

[Event "Team 45 45 League T73"]
[Site "Internet Chess Club"]
[Date "2017.07.09"]
[Round "4"]
[White "Chesstime2016"]
[Black "clarinetref"]
[Result "0-1"]
[WhiteElo "1423"]
[BlackElo "1505"]
[Opening "Robatsch (modern) defense"]
[ECO "B06"]
[Time "22:00:34"]
[TimeControl "2700+45"]

1. e4 g6 2. d4 Bg7 3. Be3 Nf6 4. Nc3 c6 5. Qd2 Ng4 6. h3 Nxe3 7. fxe3 d6 8.
O-O-O O-O 9. Nf3 Nd7 10. Bd3 e5 11. d5 c5 12. g4 a6 13. h4 Nf6 14. g5 Nh5 15.
Qg2 b5 16. b3 Qa5 17. Kd2 Bd7 18. a4 bxa4 19. bxa4 Rab8 20. Rb1 Bxa4 21. Rxb8
Rxb8 22. Ra1 Rb4 23. Ke2 c4 24. Rxa4 cxd3+ 25. cxd3 {White resigns} 0-1

[Event "Team 45 45 League T73"]
[Site "Internet Chess Club"]
[Date "2017.07.07"]
[Round "4"]
[White "Pawnchain"]
[Black "wirerabbit"]
[Result "0-1"]
[WhiteElo "1439"]
[BlackElo "1419"]
[Opening "Scandinavian defense"]
[ECO "B01"]
[Time "16:00:27"]
[TimeControl "2700+45"]

1. e4 d5 2. exd5 Nf6 3. d4 Bg4 4. Nf3 Qxd5 5. Be2 e6 6. c4 Bb4+ 7. Bd2 Qa5 8.
O-O O-O 9. Nc3 c6 10. a3 Bd6 11. Nb5 Qd8 12. Nxd6 Qxd6 13. Bc3 Rd8 14. Qb3 Qc7
15. h3 Bh5 16. Rfe1 Ne4 17. Rad1 Nd7 18. Nd2 Nxc3 19. Qxc3 Bxe2 20. Rxe2 Nf6 21.
Nf3 c5 22. b3 cxd4 23. Rxd4 Rxd4 24. Qxd4 Rd8 25. Qa1 Rd3 26. Qb1 Qd6 27. Re1
Ne4 28. Qc2 Nf6 29. c5 Qd5 30. b4 h6 31. b5 Ne4 32. Ne5 Rd4 33. Nf3 Rc4 34. Qe2
Qxc5 35. Ne5 {White resigns} 0-1

[Event "Team 45 45 League T73"]
[Site "Internet Chess Club"]
[Date "2017.07.07"]
[Round "4"]
[White "JohLeb"]
[Black "liujf"]
[Result "1-0"]
[WhiteElo "1499"]
[BlackElo "1581"]
[Opening "Grünfeld: exchange variation"]
[ECO "D85"]
[Time "14:00:20"]
[TimeControl "2700+45"]

1. d4 Nf6 2. c4 g6 3. Nc3 d5 4. cxd5 Nxd5 5. e4 Nxc3 6. bxc3 Bg7 7. Be3 c5 8.
Nf3 O-O 9. Be2 Nc6 10. O-O Qc7 11. Rc1 Rd8 12. Qc2 cxd4 13. cxd4 Qd7 14. Rfd1
Nb4 15. Qc4 a5 16. a3 Nc6 17. Ng5 e6 18. d5 exd5 19. Rxd5 Qe7 20. Rcd1 Rxd5 21.
exd5 Ne5 22. d6 Qd7 23. Qc7 Qe8 24. f4 Nd7 25. Qc1 Bb2 26. Qd2 Bxa3 27. Bc4 Bb4
28. Qe2 Kg7 29. Bd4+ Nf6 30. Qxe8 {Black resigns} 1-0

[Event "Team 45 45 League T73"]
[Site "Internet Chess Club"]
[Date "2017.07.07"]
[Round "4"]
[White "crazyhorses"]
[Black "QuimCatala"]
[Result "0-1"]
[WhiteElo "1369"]
[BlackElo "1367"]
[Opening "Sicilian: Pelikan (Lasker/Sveshnikov) variation"]
[ECO "B33"]
[Time "10:02:31"]
[TimeControl "2700+45"]

1. e4 c5 2. Nf3 Nc6 3. d4 cxd4 4. Nxd4 Nf6 5. Nc3 e5 6. Ndb5 d6 7. Nd5 Nxd5 8.
exd5 Ne7 9. c4 Nf5 10. g3 a6 11. Nc3 Be7 12. Bg2 Nd4 13. O-O Bd7 14. Kh1 Rc8 15.
b3 O-O 16. Bb2 f5 17. f4 b5 18. fxe5 dxe5 19. cxb5 axb5 20. a3 Bd6 21. Rc1 Qf6
22. Ne2 Rxc1 23. Bxc1 Nxe2 24. Qxe2 Qg6 25. Bb2 e4 26. b4 Rc8 27. Rc1 Qh6 28.
Rxc8+ Bxc8 29. Kg1 Bd7 30. Bf1 e3 31. Bd4 f4 32. gxf4 Bxf4 33. Qf3 Qxh2# {White
checkmated} 0-1

[Event "Team 45 45 League T73"]
[Site "Internet Chess Club"]
[Date "2017.07.05"]
[Round "4"]
[White "GideonL"]
[Black "Kingofknights"]
[Result "0-1"]
[WhiteElo "1352"]
[BlackElo "1476"]
[Opening "Caro-Kann: Steinitz variation"]
[ECO "B17"]
[Time "19:20:36"]
[TimeControl "2700+45"]

1. e4 c6 2. d4 d5 3. Nc3 dxe4 4. Nxe4 Nd7 5. Nf3 Ngf6 6. Bd3 Nxe4 7. Bxe4 Nf6 8.
Bd3 Bg4 9. c3 e6 10. O-O Bd6 11. h3 Bh5 12. Be2 O-O 13. Be3 Qc7 14. Nd2 Bxe2 15.
Qxe2 e5 16. dxe5 Bxe5 17. Nf3 Bd6 18. Rad1 Rfe8 19. Qc2 Nd5 20. Bg5 h6 21. Bh4
Nf4 22. Rfe1 Ng6 23. Bg3 Bxg3 24. fxg3 Qxg3 25. Qf2 Qc7 26. Re2 Rad8 27. Rde1
Rxe2 28. Qxe2 Qa5 29. a3 Qd5 30. Qe4 Kf8 31. Kf2 Qxe4 32. Rxe4 Rd1 33. Re1 Rxe1
34. Nxe1 Ne5 35. b3 b5 36. Ke3 Ke7 37. Kd4 Kd6 38. Nc2 c5+ 39. Ke3 Nc6 40. Ke4
Na5 41. b4 Nc4 42. g4 a5 43. Kd3 a4 44. Ke4 g6 45. h4 Nd2+ 46. Ke3 Nb1 47. Kd3
f5 48. gxf5 gxf5 49. Ne3 c4+ 50. Kc2 Nxa3+ 51. Kb2 Nb1 52. Kxb1 Ke5 53. Nc2 f4
54. Kc1 Ke4 55. Kd2 f3 56. Na3 Kf4 57. Nxb5 Kg3 58. Ke1 Kg2 59. Kd2 f2 {White
resigns} 0-1

[Event "Team 45 45 League T73"]
[Site "Internet Chess Club"]
[Date "2017.07.07"]
[Round "4"]
[White "GrandUnified"]
[Black "idjit"]
[Result "0-1"]
[WhiteElo "1573"]
[BlackElo "1659"]
[Opening "Bogo-Indian defense"]
[ECO "E11"]
[Time "10:02:31"]
[TimeControl "2700+45"]

1. Nf3 Nf6 2. d4 e6 3. c4 Bb4+ 4. Bd2 c5 5. Bxb4 cxb4 6. Nbd2 O-O 7. g3 d5 8.
Bg2 b5 9. cxd5 exd5 10. O-O Bf5 11. Ne5 Qd6 12. a3 bxa3 13. Rxa3 Nbd7 14. Ndf3
a5 15. Rc3 Rfc8 16. Nh4 Be6 17. Nxd7 Bxd7 18. Rxc8+ Rxc8 19. Qd2 a4 20. Rc1
Rxc1+ 21. Qxc1 b4 22. Nf3 a3 23. bxa3 bxa3 24. Ne1 Bf5 25. f3 a2 26. Nd3 Qa6 27.
Qa1 Bxd3 28. exd3 Qa3 29. f4 Qb3 {White resigns} 0-1

[Event "Team 45 45 League T73"]
[Site "Internet Chess Club"]
[Date "2017.07.07"]
[Round "4"]
[White "Demachaeron"]
[Black "Janna"]
[Result "1-0"]
[WhiteElo "1591"]
[BlackElo "1279"]
[Opening "QGD Slav: 4.Nc3"]
[ECO "D15"]
[Time "16:00:24"]
[TimeControl "2700+45"]

1. d4 d5 2. c4 c6 3. Nc3 Nf6 4. Nf3 Nbd7 5. Bd2 Qc7 6. Rc1 e5 7. cxd5 e4 8. Ng5
Qe5 9. dxe5 Nxe5 10. dxc6 Nxc6 11. Qb3 Ne5 12. Ngxe4 Nxe4 13. Nxe4 Be6 14. Qxb7
Rd8 15. e3 Bd5 16. Bb5+ Bc6 17. Bxc6+ Nxc6 18. Rxc6 Be7 19. Rc7 {Black resigns}
1-0

[Event "Team 45 45 League T73"]
[Site "Internet Chess Club"]
[Date "2017.07.08"]
[Round "4"]
[White "SeniorCitizen"]
[Black "Just-Jim"]
[Result "0-1"]
[WhiteElo "1258"]
[BlackElo "1353"]
[Opening "Lengfellner system"]
[ECO "B07"]
[Time "12:01:13"]
[TimeControl "2700+45"]

1. e4 d6 2. d4 e6 3. Nf3 Be7 4. Be2 h6 5. O-O Nf6 6. e5 dxe5 7. dxe5 Qxd1 8.
Rxd1 Nd5 9. c3 Bd7 10. Nbd2 O-O 11. Nb3 Ba4 12. Rd4 Bxb3 13. axb3 Nc6 14. Rd1 f6
15. exf6 Bxf6 16. Bc4 Rad8 17. Bxd5 exd5 18. Nd4 Nxd4 19. cxd4 Rfe8 20. Rxa7 Re4
21. Be3 Rde8 22. Kf1 c5 23. dxc5 Bxb2 24. Ra4 R4e5 25. Bd4 Bxd4 26. Rdxd4 Re1#
{White checkmated} 0-1

[Event "Team 45 45 League T73"]
[Site "Internet Chess Club"]
[Date "2017.07.08"]
[Round "4"]
[White "Constrictor"]
[Black "az2112"]
[Result "0-1"]
[WhiteElo "1513"]
[BlackElo "1680"]
[Opening "Vienna: Pierce gambit"]
[ECO "C25"]
[Time "11:02:34"]
[TimeControl "2700+45"]

1. e4 e5 2. Nc3 Nc6 3. f4 exf4 4. Nf3 g5 5. d4 g4 6. Bc4 gxf3 7. Qxf3 Nxd4 8.
Bxf7+ Kxf7 9. Qxf4+ Qf6 10. Qxc7 Nxc2+ 11. Ke2 Qa6+ 12. Kd1 Qd3+ 13. Bd2 Bh6 14.
Nb1 Nxa1 15. Qe5 Qxb1+ 16. Ke2 Qxh1 17. Qd5+ Ke8 18. Qh5+ Kd8 19. Bg5+ Bxg5 20.
Qxg5+ Ne7 21. Qg7 Rg8 22. Qxg8+ Nxg8 {White resigns} 0-1

[Event "Team 45 45 League T73"]
[Site "Internet Chess Club"]
[Date "2017.07.07"]
[Round "4"]
[White "ChessMaine"]
[Black "mongmong"]
[Result "1-0"]
[WhiteElo "1496"]
[BlackElo "1507"]
[Opening "Queen's pawn"]
[ECO "A40"]
[Time "20:02:19"]
[TimeControl "2700+45"]

1. d4 e6 2. e3 f5 3. Nc3 Bb4 4. a3 Bxc3+ 5. bxc3 Nf6 6. Bd3 O-O 7. f3 b6 8. e4
Ba6 9. Bxa6 Nxa6 10. Qd3 Nb8 11. exf5 exf5 12. Qxf5 Nc6 13. Bg5 Ne7 14. Qd3 Ned5
15. c4 h6 16. Bxh6 Qe7+ 17. Kd2 gxh6 18. cxd5 Nxd5 19. Qg6+ Qg7 20. Qxg7+ Kxg7
21. c4 Nf4 22. Ne2 d6 23. Rae1 Ng6 24. Ng3 Kf7 25. Re4 Rae8 26. Rhe1 Rxe4 27.
Rxe4 Re8 28. Rxe8 Kxe8 29. Nf5 Nf4 30. g3 Ne6 31. d5 Ng5 32. Ke3 Nf7 33. f4 Kd7
34. g4 c6 35. h4 a6 36. g5 hxg5 37. hxg5 Nh8 38. dxc6+ Kxc6 39. Ne7+ Kd7 40. g6
Kxe7 41. g7 {Black resigns} 1-0